 Dungeon Crawl Stone Soup version 0.30.0-5-g1a98f26d00 (webtiles) character file.

Game seed: 4922111567961073751

352 jimonade the Chopper (level 6, -10/48 HPs)
             Began as a Mummy Monk on May 11, 2023.
             Mangled by an ogre
             ... wielding a +0 giant club
              (14 damage)
             ... on level 5 of the Dungeon.
             The game lasted 00:05:57 (4218 turns).

jimonade the Chopper (Mummy Monk)                   Turns: 4218, Time: 00:05:57

Health: -10/48     AC: 11    Str: 16    XL:     6   Next: 35%
Magic:  6/6        EV:  8    Int:  9    God:
Gold:   247        SH:  0    Dex: 15    Spells: 5/5 levels left

rFire   x . .        a - +0 war axe
rCold   + . .        c - orb {light}
rNeg    + + +        h - +0 chain mail
rPois   ∞            i - +0 helmet
rElec   .            k - +0 cloak
rCorr   .            (no gloves)
SInv    .            t - +0 pair of boots
Will    .....        (no amulet) Stlth
                     (no ring)
HPRegen 0.28/turn    (no ring)
MPRegen 0.10/turn

%: faith
@: glowing
A: cold resistance 1, negative energy resistance 3, torment resistance 2, heat
vulnerability 1, in touch with death 1, no potions, faith
a: no special abilities


You were on level 5 of the Dungeon.
You visited 1 branch of the dungeon, and saw 5 of its levels.

You collected 247 gold pieces.

Inventory:

Hand Weapons
 a - a +0 war axe (weapon)
 l - a +0 hand axe
 p - a +0 arbalest
 s - a +1 dagger of speed
 u - the +5 dagger of Valour {drain, Drain rN+ Dex+4}
   (You found it on level 4 of the Dungeon)

   Dex:       It affects your dexterity (+4).
   rN:        It protects you from negative energy.
   Drain:     It drains your maximum health when unequipped.
 A - a +0 halberd
Missiles
 f - 17 poisoned darts (quivered)
Armour
 b - a +0 robe
 c - an orb of light (worn)
 h - a +0 chain mail (worn)
 i - a +0 helmet (worn)
 k - a +0 cloak (worn)
 o - a +0 ring mail
 t - a +0 pair of boots (worn)
Jewellery
 v - a ring of fire
Wands
 w - a wand of charming (15)
Scrolls
 d - 6 scrolls of identify {unknown}
 e - a scroll of acquirement {unknown}
 g - a scroll of enchant weapon {unknown}
 j - a scroll of fog {unknown}
 m - a scroll of teleportation {unknown}
 n - a scroll of magic mapping {unknown}
 q - a scroll of butterflies {unknown}
 r - a scroll of vulnerability {unknown}
 x - a scroll of silence {unknown}
 y - a scroll of poison {unknown}
 z - a scroll of enchant armour {unknown}


   Skills:
 + Level 3.9 Fighting
 + Level 5.1 Axes
 + Level 0.1 Throwing
 + Level 1.3 Armour
 + Level 2.8 Dodging


You had 5 spell levels left.
You didn't know any spells.
Your spell library was empty.

Dungeon Overview and Level Annotations

Branches:
Dungeon (5/15)
 Temple: D:4-7

Altars:
Hepliaklqana
Okawaru

Annotations:
D:2 Sigmund


Innate Abilities, Weirdness & Mutations

You are immune to poison.
Your flesh is cold resistant. (rC+)
You are immune to negative energy. (rN+++)
You are immune to unholy pain and torment.
You are vulnerable to heat. (rF-)
You are in touch with the powers of death.
You do not drink.
You have a special connection with the divine. (Faith)


Message History

There is a stone staircase leading up here.
An ogre comes into view. It is wielding a +0 giant club.
The ogre shouts!
A quokka comes into view.
The ogre closely misses you.
You hit the ogre.
The ogre is lightly wounded.
The ogre hits you with a +0 giant club!!
You hit the ogre but do no damage.
The ogre is lightly wounded.
The ogre barely misses you.
You slash the ogre!
The ogre is heavily wounded.
You barely miss the quokka.
A worm comes into view.
The quokka bites you but does no damage.
The ogre misses you.
You hit the ogre but do no damage.
The ogre is heavily wounded.
You slash the quokka!
You kill the quokka!
The ogre hits you with a +0 giant club!!
* * * LOW HITPOINT WARNING * * *
You are too injured to fight recklessly!
You are too injured to fight recklessly!
You are too injured to fight recklessly!
You slash the ogre!
The ogre is severely wounded.
You completely miss the ogre.
The ogre is severely wounded.
The ogre hits you with a +0 giant club.
* * * LOW HITPOINT WARNING * * *
You hit the ogre.
The ogre is severely wounded.
The ogre hits you with a +0 giant club.
* * * LOW HITPOINT WARNING * * *
You hit the ogre.
The ogre is severely wounded.
The ogre hits you with a +0 giant club!
You die...

.# ## .# .
.#.#
###.#.#
#...w.#
#.#..##.#
#.#O....#
#.##<@.#
#.....##
.....###.#
#### #.#
#.# #.#
..# ###


You could see an ogre and a worm.

Vanquished Creatures
  An ogre (D:4)
  A crimson imp (D:4)
  An orc priest (D:3)
  An orc wizard (D:4)
  4 gnolls
  3 adders
  A white imp (D:4)
  A worm (D:3)
  2 dart slugs
  7 orcs
  7 ball pythons
  9 endoplasms
  4 giant cockroaches
  11 hobgoblins
  3 jackals (D:4)
  13 kobolds
  2 quokkas
  6 bats
  3 frilled lizards
  5 goblins
  5 goblin zombies (D:4)
  A hobgoblin zombie (D:4)
  A kobold zombie (D:4)
  2 orc skeletons (D:4)
  An orc zombie (D:4)
  5 rats
100 creatures vanquished.

Notes
Turn   | Place    | Note
-------+----------+-------------------------------------------
     0 | D:1      | jimonade the Mummy Monk began the quest for the Orb.
     0 | D:1      | Reached XP level 1. HP: 18/18 MP: 1/1
   154 | D:1      | Reached XP level 2. HP: 15/24 MP: 2/2
   873 | D:2      | Reached skill level 3 in Axes
   895 | D:2      | Noticed Sigmund
   944 | D:2      | Gained mutation: You are in touch with the powers of death.
                  | [Mummy growth]
   944 | D:2      | Reached XP level 3. HP: 23/29 MP: 3/3
  1500 | D:3      | Reached XP level 4. HP: 23/35 MP: 4/4
  1682 | D:3      | Found a hazy altar of Hepliaklqana.
  2331 | D:4      | Reached skill level 4 in Axes
  2331 | D:4      | Reached XP level 5. HP: 27/41 MP: 5/5
  2563 | D:4      | Found an iron altar of Okawaru.
  2569 | D:4      | Identified the +5 dagger of Valour {drain, Drain rN+ Dex+4}
  2923 | D:4      | Noticed an ogre
  2941 | D:4      | Killed an ogre
  2942 | D:4      | Reached skill level 1 in Armour
  2942 | D:4      | Reached XP level 6. HP: 48/48 MP: 6/6
  3098 | D:4      | Reached skill level 5 in Axes
  3365 | D:5      | Entered Level 5 of the Dungeon
  3720 | D:4      | Found an iron altar of Okawaru.
  4218 | D:5      | Mangled by an ogre

Illustrated notes

Levels and vault maps discovered:
D:1:      heliophobic_arrival_battle_scene, layout_loops_ring
D:2:      layout_rooms, uniq_sigmund
D:3:      layout_basic, mainiacjoe_overflow_brackets, chequers_decorated_corner
D:4:      layout_cave_pods, okawaru_trees_2, nicolae_tso_besieged_by_evil,
          grunt_ministairs_1, minmay_diced_spiral
D:5:      layout_basic, kiku_gazebo_pond_becter, mainiacjoe_overflow_24_doors

Skill      XL: |  1  2  3  4  5  6 |
---------------+-------------------+-----
Axes           | 3 4 5 |  5.1
Armour         | 1 |  1.3
Fighting       | |  3.9
Throwing       | |  0.1
Dodging        | |  2.8

Action                     |  1- 3 |  4- 6 || total
---------------------------+-------+-------++-------
  Melee: Hand axe          |    86 |       ||    86
         War axe           |    10 |   122 ||   132
  Throw: Dart              |       |     5 ||     5
 Armour: Robe              |    10 |       ||    10
         Chain mail        |    25 |    68 ||    93
  Dodge: Dodged            |    55 |    53 ||   108
